 Dungeon Crawl Stone Soup version 0.30.0 (webtiles) character file.

Game seed: 8585117928101295829

23624 jagoly the Thaumaturge (level 13, -8/100 HPs)
             Began as a Djinni Conjurer on May 20, 2023.
             Was an Elder of the Shining One.
             Mangled by an eight-headed hydra (9 damage)
             ... on level 14 of the Dungeon.
             The game lasted 01:13:11 (15090 turns).

jagoly the Thaumaturge (Djinni Conjurer)           Turns: 15090, Time: 01:13:11

Health: -8/100     AC:  9    Str:  6    XL:     13   Next: 36%
Gold:   1653       EV: 12    Int: 25    God:    the Shining One [****..] SH: 10 Dex: 18

rFire   + + .        a - +3 trident
rCold   x . .        Q - +0 buckler
rNeg    + + .        I - +0 troll leather armour
rPois   ∞            x - +2 helmet
rElec   .            m - +0 cloak
rCorr   .            N - +0 pair of gloves
SInv    .            (boots unavailable)
Will    ++...        i - amulet of reflection
Stlth   +            q - +6 ring of dexterity
HPRegen 1.16/turn    M - ring of willpower
MPRegen 0.00/turn

%: reflection, infuse magic (-9 HP)
@: flying, glowing, studying Invocations
A: sickness immunity, fire resistance 2, cold vulnerability 1, float, innate
caster, HP casting, extra vitality 1
a: Renounce Religion, Divine Shield, Cleansing Flame


You were on level 14 of the Dungeon.
You worshipped the Shining One.
The Shining One was greatly pleased with you.
You visited 2 branches of the dungeon, and saw 15 of its levels.
You also visited: Bailey.

You collected 1812 gold pieces.
You donated 159 gold pieces to Zin.

Inventory:

Hand Weapons
 a - a +3 trident (weapon)
 K - a +3 scimitar of flaming
 P - the +6 whip of Gyenn {elec, Str+3 Int+2 Dex-2 Stlth+}
   (You found it on level 6 of the Dungeon)

   Str:       It affects your strength (+3).
   Int:       It affects your intelligence (+2).
   Dex:       It affects your dexterity (-2).
   Stlth:     It makes you more stealthy.
 V - a +2 scimitar of holy wrath
Missiles
 j - 115 stones
 r - 41 poisoned darts
 H - 19 boomerangs
 U - 5 javelins
 W - 2 curare-tipped darts
 Y - 3 silver javelins
Armour
 m - a +0 cloak (worn)
 x - a +2 helmet (worn)
 I - a +0 troll leather armour (worn)
 N - a +0 pair of gloves (worn)
 Q - a +0 buckler (worn)
Jewellery
 i - an amulet of reflection (around neck)
 q - a +6 ring of dexterity (left hand)
 y - a ring of wizardry
 L - a ring of ice
 M - a ring of willpower (right hand)
 R - a ring of resist corrosion
Wands
 b - a wand of polymorph (5)
 o - a wand of roots (8)
 s - a wand of mindburst (3)
 O - a wand of charming (9)
 X - a wand of flame (11)
Scrolls
 c - 4 scrolls of enchant armour
 f - a scroll of butterflies {unknown}
 h - 9 scrolls of teleportation
 k - 6 scrolls of fog
 l - 3 scrolls of vulnerability
 p - a scroll of noise {unknown}
 t - 2 scrolls of torment {unknown}
 u - 3 scrolls of magic mapping
 v - 3 scrolls of immolation {unknown}
 w - a scroll of poison {unknown}
 E - 5 scrolls of fear
 F - 2 scrolls of blinking
 S - a scroll of enchant weapon {unknown}
Potions
 d - a potion of magic {unknown}
 e - 6 potions of brilliance
 g - a potion of berserk rage {unknown}
 n - a potion of mutation {unknown}
 z - 8 potions of curing
 A - a potion of resistance {unknown}
 B - 2 potions of ambrosia {unknown}
 C - 4 potions of might
 D - a potion of flight {unknown}
 G - 3 potions of invisibility {unknown}
 J - 6 potions of heal wounds
 T - a potion of cancellation {unknown}


   Skills:
 + Level 11.9 Fighting
 - Level 2.0 Throwing
 - Level 4.0 Dodging
 - Level 4.0 Stealth
 - Level 4.0 Shields
 - Level 12.0 Spellcasting
 + Level 9.8 Invocations


You knew the following spells:

 Your Spells              Type           Power      Damage    Failure   Level
a - Magic Dart            Conj           100%       1d8       1%          1
b - Wereblood             Tmut           66%        N/A       1%          2
c - Dazzling Flash        Conj/Hex       100%       N/A       1%          3
d - Fulminant Prism       Conj/Hex       33%        3d15      1%          4
f - Slow                  Hex            100%       N/A       1%          1
h - Hailstorm             Conj/Ice       66%        3d14      1%          3
r - Lee's Rapid Deconstr  Erth           33%        3d17*     1%          5
s - Searing Ray           Conj           100%       2d8       1%          2
A - Scorch                Fire           100%       2d9       1%          2
M - Iskenderun's Mystic   Conj/Tloc      66%        2d14      1%          4
T - Irradiate             Conj/Tmut      33%        3d22      1%          5
Your spell library was empty.

Dungeon Overview and Level Annotations

Branches:
Dungeon (14/15) Zot: 26808  Temple (1/1) D:4 Zot: 5888    Lair (0/5) D:11
    Orc (0/2) D:9          Vaults (0/5) D:13         Bailey (visited)

Altars:
Ashenzari
Cheibriados
Dithmenos
Elyvilon
Fedhas
Gozag
Hepliaklqana
Makhleb
Nemelex Xobeh
Okawaru
Qazlal
Ru
Trog
Uskayaw
Wu Jian
Xom
Yredelemnul
Zin
The Shining One

Shops:
D:2 (   D:7 =   D:13 (

Annotations:
D:9 exclusion: downstairs
D:11 exclusion: downstairs
D:13 exclusion: downstairs


Innate Abilities, Weirdness & Mutations

You are immune to sickness and miasma.
You are immune to poison.
Your flesh is very heat resistant. (rF++)
You are vulnerable to cold. (rC-)
You float through the air rather than walking.
You learn spells naturally, not from books.
Your magical power is your life essence.
You have superior vitality. (+4 MHP)


Message History

Press: ? - help, Dir - move target, p - boulder beetle A rock wall.
This square is lit by a halo.
Okay, then.
Cast which spell? (? or * to list)
You don't know that spell.
Unknown command.
Adjust (i)tems, (s)pells, or (a)bilities?
Adjust which spell? e - Irradiate Adjust to which letter?
T - Irradiate Cast which spell? (? or * to list)
You erupt in a fountain of uncontrolled magic!
The boulder beetle is blasted with magical radiation!
The boulder beetle is severely wounded.
The boulder beetle twists and deforms.
You are very lightly contaminated with residual magic.
The boulder beetle closely misses you.
Cast which spell? (? or * to list)
You erupt in a fountain of uncontrolled magic!
The boulder beetle is blasted with magical radiation!!
You kill the boulder beetle!
A deep elf pyromancer is nearby!
Cast which spell? (? or * to list)
Aiming: Lee's Rapid Deconstruction (dangerous; 2% risk of failure)
Press: ? - help, Dir - move target A stone wall.
The wall shatters!
The blast of rock fragments hits the deep elf pyromancer.
The deep elf pyromancer is lightly wounded.
Cast which spell? (? or * to list)
Aiming: Lee's Rapid Deconstruction (dangerous; 2% risk of failure)
Press: ? - help, Dir - move target A stone wall.
The wall shatters!
The blast of rock fragments hits the deep elf pyromancer!!
The deep elf pyromancer is severely wounded.
Cast which spell? (? or * to list)
Okay, then.
Cast which spell? (? or * to list)
Aiming: Magic Dart (safe; 1% risk of failure)
Press: ? - help, Shift-Dir - straight line, f - deep elf pyromancer
Aim: a deep elf pyromancer, wielding a +0 rapier and wearing a +0 robe (severely wounded, 100% to hit)
The magic dart hits the deep elf pyromancer.
The deep elf pyromancer is severely wounded.
Cast which spell? (? or * to list)
Aiming: Lee's Rapid Deconstruction (dangerous; 2% risk of failure)
Press: ? - help, Dir - move target, p - deep elf pyromancer A stone wall.
This square is lit by a halo.
The wall shatters!
The blast of rock fragments hits the deep elf pyromancer!!
You kill the deep elf pyromancer!
Your Invocations skill increases to level 9!
HP restored.
r - 41 poisoned darts (gained 2)
Your magical contamination has completely faded away.
Found 3 silver javelins.
W - 2 curare-tipped darts (gained 1)
T - an orange potion
Things that are here:
a +0 rapier; a +0 robe
t - 2 scrolls labelled XORENO RAMAP (gained 1)
You see here 3 silver javelins.
Y - 3 silver javelins
j - 107 stones (gained 9)
Things that are here:
a +0 rapier; a +0 robe
There is a large open door here.
You now have 1601 gold pieces (gained 13).
You now have 1623 gold pieces (gained 22).
There is a large open door here.
Found a gate to the Vaults.
There is a large open door here.
There is a large open door here.
There is a large open door here.
You now have 1642 gold pieces (gained 19).
There is a large open door here.
Found a war axe.
Found a stone staircase leading down.
Found a ring mail.
You now have 1653 gold pieces (gained 11).
A vampire comes into view.
Cast which spell? (? or * to list)
Aiming: Lee's Rapid Deconstruction (dangerous; 2% risk of failure)
Press: ? - help, Dir - move target A rock wall.
This square is lit by a halo.
The wall shatters!
The blast of rock fragments hits the vampire!
The vampire is moderately damaged.
Cast which spell? (? or * to list)
Aiming: Lee's Rapid Deconstruction (dangerous; 2% risk of failure)
Press: ? - help, Dir - move target A rock wall.
This square is lit by a halo.
The wall shatters!
The blast of rock fragments hits the vampire.
The vampire is moderately damaged.
The vampire mumbles some strange words.
The vampire flickers and vanishes for a moment.
Cast which spell? (? or * to list)
Aiming: Lee's Rapid Deconstruction (dangerous; 2% risk of failure)
Press: ? - help, Dir - move target A rock wall.
This square is lit by a halo.
The wall shatters!
The blast of rock fragments hits the vampire but does no damage.
The vampire is moderately damaged.
Cast which spell? (? or * to list)
Aiming: Lee's Rapid Deconstruction (dangerous; 2% risk of failure)
Press: ? - help, Dir - move target A rock wall.
This square is lit by a halo.
The wall shatters!
The blast of rock fragments hits the vampire!
The vampire is severely damaged.
Cast which spell? (? or * to list)
Aiming: Lee's Rapid Deconstruction (dangerous; 2% risk of failure)
Press: ? - help, Dir - move target A rock wall.
This square is lit by a halo.
The wall shatters!
The blast of rock fragments hits the vampire but does no damage.
The vampire is severely damaged.
The vampire hits you. You block the vampire's attack.
Cast which spell? (? or * to list)
Aiming: Lee's Rapid Deconstruction (dangerous; 2% risk of failure)
Press: ? - help, Dir - move target A rock wall.
This square is lit by a halo.
The wall shatters!
The blast of rock fragments hits the vampire.
The vampire is severely damaged.
The vampire hits you. The vampire misses you.
Cast which spell? (? or * to list)
Aiming: Lee's Rapid Deconstruction (dangerous; 2% risk of failure)
Press: ? - help, Dir - move target A rock wall.
This square is lit by a halo.
The wall shatters!
The blast of rock fragments hits the vampire but does no damage.
The vampire is severely damaged.
The vampire hits you but does no damage.
The vampire barely misses you.
Cast which spell? (? or * to list)
Aiming: Lee's Rapid Deconstruction (dangerous; 2% risk of failure)
Press: ? - help, Dir - move target A rock wall.
This square is lit by a halo.
The wall shatters!
The blast of rock fragments hits the vampire.
The vampire is severely damaged.
You block the vampire's attack. The vampire bites you.
Cast which spell? (? or * to list)
Aiming: Lee's Rapid Deconstruction (dangerous; 2% risk of failure)
Press: ? - help, Dir - move target A rock wall.
This square is lit by a halo.
The wall shatters!
The blast of rock fragments hits the vampire but does no damage.
The vampire is severely damaged.
The vampire hits you! The vampire bites you.
* * * LOW HITPOINT WARNING * * *
A wraith comes into view.
Cast which spell? (? or * to list)
Aiming: Lee's Rapid Deconstruction (dangerous; 2% risk of failure)
Press: ? - help, Dir - move target A rock wall.
This square is lit by a halo.
The wall shatters!
The blast of rock fragments hits the wraith but does no damage.
The wraith is heavily damaged.
The blast of rock fragments hits the vampire.
The vampire is almost destroyed.
* * * LOW HITPOINT WARNING * * *
You block the vampire's attack.
The vampire bites you but does no damage.
Cast which spell? (? or * to list)
Aiming: Lee's Rapid Deconstruction (dangerous; 2% risk of failure)
Press: ? - help, Dir - move target A rock wall.
This square is lit by a halo.
The wall shatters!
The blast of rock fragments hits the wraith!
The wraith is severely damaged.
The blast of rock fragments hits the vampire!
You destroy the vampire!
The Shining One accepts your kill.
* * * LOW HITPOINT WARNING * * *
Cast which spell? (? or * to list)
Aiming: Lee's Rapid Deconstruction (dangerous; 2% risk of failure)
Press: ? - help, Dir - move target A rock wall.
This square is lit by a halo.
The wall shatters!
The blast of rock fragments hits the wraith!!
You destroy the wraith!
The Shining One accepts your kill.
You feel better.
* * * LOW HITPOINT WARNING * * *
Training target 12.0 for Spellcasting reached!
Your Spellcasting skill increases to level 12!
There is a stone staircase leading up here.
HP restored.
Found an escape hatch in the floor.
There is an escape hatch in the floor here.
A manticore comes into view.
Okay, then.
Cast which spell? (? or * to list)
Aiming: Magic Dart (safe; 1% risk of failure)
Press: ? - help, Shift-Dir - straight line, f - manticore
Aim: a manticore (asleep, 100% to hit)
The magic dart hits the manticore.
The manticore is lightly wounded.
Cast which spell? (? or * to list)
Aiming: Lee's Rapid Deconstruction (dangerous; 1% risk of failure)
Press: ? - help, Dir - move target, p - manticore A rock wall.
This square is lit by a halo.
The wall shatters!
The blast of rock fragments hits the manticore!!
The manticore is severely wounded.
The manticore flicks its tail.
You block volley of spikes... and reflect it back!
The volley of spikes hits the manticore!
Cast which spell? (? or * to list)
Aiming: Lee's Rapid Deconstruction (dangerous; 1% risk of failure)
Press: ? - help, Dir - move target A rock wall.
This square is lit by a halo.
The wall shatters!
The blast of rock fragments hits the manticore!
You kill the manticore!
You start resting.
HP restored.
Z - a scroll of identify
As you read the scroll of identify, it crumbles to dust.
z - 8 potions of curing
j - 115 stones (gained 8)
Found a stone staircase leading down.
Key pressed, stopping explore.
Okay, then.
A centaur comes into view.
A centaur warrior comes into view.
Cast which spell? (? or * to list)
Aiming: Lee's Rapid Deconstruction (dangerous; 1% risk of failure)
Press: ? - help, Dir - move target, f - centaur warrior Fragment what (e.g. wall or brittle monster)?: a centaur warrior (wandering, hasn't noticed you)
A large open door.
The stone door frame shatters!
The blast of rock fragments hits the centaur warrior!!
The centaur warrior is heavily wounded.
The blast of rock fragments hits the centaur!!
You kill the centaur!
The centaur warrior wields a +0 longbow.
The centaur warrior shoots an arrow.
You block the arrow with an invisible shield... and reflect it back!
The arrow barely misses the centaur warrior.
Cast which spell? (? or * to list)
Aiming: Lee's Rapid Deconstruction (dangerous; 1% risk of failure)
Press: ? - help, Dir - move target, f/p - centaur warrior Fragment what (e.g. wall or brittle monster)?: a centaur warrior, wielding a +0 longbow (heavily wounded)
A large open door.
The stone door frame shatters!
The blast of rock fragments hits the centaur warrior!!
The centaur warrior is almost dead.
You hear a shout!
The centaur warrior shoots an arrow.
The arrow hits you!!
The centaur warrior shoots an arrow.
The arrow hits you!!
* * * LOW HITPOINT WARNING * * *
Cast which spell? (? or * to list)
Aiming: Lee's Rapid Deconstruction (dangerous; 1% risk of failure)
Press: ? - help, Dir - move target, f/p - centaur warrior Fragment what (e.g. wall or brittle monster)?: a centaur warrior, wielding a +0 longbow (almost dead)
A large open door.
The stone door frame shatters!
The blast of rock fragments hits the centaur warrior!
You kill the centaur warrior!
* * * LOW HITPOINT WARNING * * *
A centaur comes into view.
The centaur wields a +0 shortbow.
The centaur shoots an arrow.
The arrow hits you.
* * * LOW HITPOINT WARNING * * *
Cast which spell? (? or * to list)
Aiming: Fulminant Prism (mildly dangerous; 1% risk of failure)
Press: ? - help, Dir - move target You conjure a prism of explosive energy!
* * * LOW HITPOINT WARNING * * *
A fulminant prism comes into view.
Your fulminant prism crackles loudly.
The centaur shoots an arrow.
The arrow hits your fulminant prism!
The centaur shoots an arrow.
The arrow hits your fulminant prism!
Your fulminant prism explodes!
There is a stone staircase leading down here.
Cast which spell? (? or * to list)
Aiming: Fulminant Prism (mildly dangerous; 1% risk of failure)
Press: ? - help, Dir - move target You conjure a prism of explosive energy!
* * * LOW HITPOINT WARNING * * *
A fulminant prism comes into view.
The centaur shoots an arrow.
The arrow hits your fulminant prism!
The centaur shoots an arrow.
The arrow hits your fulminant prism!
Your fulminant prism detonates feebly.
The centaur shoots an arrow.
The arrow hits you.
* * * LOW HITPOINT WARNING * * *
Cast which spell? (? or * to list)
Aiming: Lee's Rapid Deconstruction (dangerous; 1% risk of failure)
Press: ? - help, Dir - move target A rock wall.
This square is lit by a halo.
Okay, then.
Cast which spell? (? or * to list)
Aiming: Lee's Rapid Deconstruction (dangerous; 1% risk of failure)
Press: ? - help, Dir - move target A rock wall.
This square is lit by a halo.
The wall shatters!
The blast of rock fragments hits the centaur!!
You kill the centaur!
* * * LOW HITPOINT WARNING * * *
There is an escape hatch in the floor here.
HP restored.
Key pressed, stopping travel.
There is a stone staircase leading up here.
Done exploring.
Done exploring.
There is a stone staircase leading down here.
Okay, then.
You fly downwards.
The centaur warrior shouts!
The red ugly thing gurgles horribly!
The eight-headed hydra roars!
You hear a horrible gurgling sound!
Found seven items.
Found a basalt altar of Yredelemnul.
Found an escape hatch in the floor.
There is a stone staircase leading up here.
The centaur warrior wields a +0 shortbow.
The centaur warrior shoots an arrow.
The arrow hits you!
You fly upwards.
There is a stone staircase leading down here.
HP restored.
There is a stone staircase leading down here.
You fly downwards.
The vampire mosquito buzzes angrily. x2; The centaur shouts!
The catoblepas bellows!
You hear a shout! x2
A vampire mosquito comes into view.
The centaur wields a +0 shortbow.
The centaur shoots an arrow.
You block the arrow with an invisible shield... and reflect it back!
The arrow hits the centaur!
A centaur warrior comes into view.
Found eight items.
Found three stone staircases leading down.
There is a stone staircase leading up here.
The vampire mosquito buzzes angrily.
The centaur warrior wields a +0 longbow.
The centaur warrior shoots an arrow.
You block the arrow with an invisible shield... and reflect it back!
The arrow hits the centaur warrior!!
The centaur wields a +0 shortbow.
The centaur shoots an arrow.
The arrow hits you.
You fly upwards.
Level annotation: exclusion: downstairs
There is a stone staircase leading down here.
HP restored.
There is a stone staircase leading down here.
You fly downwards.
The centaur shoots an arrow.
The arrow hits you.
Found a staff of poison and a scroll labelled XIFUR QOUS.
Found an escape hatch in the ceiling.
There is a stone staircase leading up here.
Unknown command.
Cast which spell? (? or * to list)
You can't see any susceptible monsters within range! (Use Z to cast anyway.) Unknown command.
Cast which spell? (? or * to list)
Aiming: Fulminant Prism (mildly dangerous; 1% risk of failure)
Press: ? - help, Dir - move target You conjure a prism of explosive energy!
A fulminant prism comes into view.
The centaur warrior shoots an arrow.
The arrow hits you!
The centaur shoots an arrow.
The arrow hits your fulminant prism.
The centaur shoots an arrow.
You block the arrow with an invisible shield... and reflect it back!
The arrow hits the centaur.
The centaur warrior shoots an arrow.
The arrow barely misses you.
The catoblepas breathes a plume of calcifying dust at you.
The blast of calcifying dust hits you but does no damage.
The centaur shoots an arrow.
You block the arrow with an invisible shield... and reflect it back!
The arrow hits the centaur!
You kill the centaur!
You are engulfed in calcifying dust.
You are slowing down.
The centaur warrior shoots an arrow.
The arrow hits you!
Your fulminant prism crackles loudly.
You fly upwards.
Level annotation: exclusion: downstairs You have turned to stone.
You turn to flesh and can move again.
There is a stone staircase leading down here.
HP restored.
There is a stone staircase leading down here.
Unknown command.
You fly downwards.
The centaur warrior shouts!
The vampire mosquito buzzes angrily. x3
The centaur shoots an arrow.
The arrow misses you.
The centaur warrior wields a +0 longbow.
The centaur warrior shoots an arrow.
The arrow closely misses you.
The centaur shoots an arrow.
The arrow hits you!
The centaur warrior shoots an arrow.
The arrow barely misses you.
The arrow hits the vampire mosquito!!
You block the vampire mosquito's attack.
The centaur shoots an arrow.
The arrow hits you.
You hear a shout!
There is a stone staircase leading up here.
Unknown command.
The vampire mosquito buzzes angrily.
You block the vampire mosquito's attack. x2
The centaur warrior shoots an arrow.
The arrow hits you!!
The centaur shoots an arrow.
The arrow hits you. The vampire mosquito barely misses you.
You fly upwards.
Level annotation: exclusion: downstairs
There is a stone staircase leading down here.
Cast which spell? (? or * to list)
You erupt in a fountain of uncontrolled magic!
The vampire mosquito is blasted with magical radiation!!!
You destroy the vampire mosquito!
The Shining One accepts your kill.
You are very lightly contaminated with residual magic.
There is a stone staircase leading down here.
You start resting.
Your magical contamination has completely faded away.
You start resting.
HP restored.
You start resting.
HP restored.
You see here a vampire mosquito corpse.
There is a stone staircase leading down here.
You fly downwards.
The centaur warrior shouts!
The eight-headed hydra roars!
You hear a horrible gurgling sound! x2
The centaur warrior shoots an arrow.
The arrow hits you!
A red ugly thing comes into view.
The centaur warrior shoots an arrow.
The arrow misses you.
The eight-headed hydra closely misses you.
The eight-headed hydra bites you! x3; The eight-headed hydra bites you.
The eight-headed hydra bites you!
* * * LOW HITPOINT WARNING * * *
The eight-headed hydra bites you but does no damage.
You block the eight-headed hydra's attack.
There is a stone staircase leading up here.
Cast which spell? (? or * to list)
Okay, then.
Press: ? - help, v - describe, . - travel
Here: an eight-headed hydra (haloed)
The floor.
Unknown command.
Aiming: Polymorph
Press: ? - help, Shift-Dir - straight line, f - eight-headed hydra
Aim: an eight-headed hydra (haloed, will become a black draconian, a tyrant leech, or a fire dragon, chance to affect: 17%)
Okay, then.
Aiming: Charm
Press: ? - help, Shift-Dir - straight line, f - eight-headed hydra
Aim: an eight-headed hydra (haloed, chance to affect: 17%)
Okay, then.
Unknown command.
Unknown command.
Okay, then.
Okay, then.
Unknown command.
Okay, then.
Unknown command.
Unknown command.
Cast which spell? (? or * to list)
Okay, then.
Press: ? - help, v - describe, . - travel
Here: an eight-headed hydra (haloed)
The floor.
Unknown command.
Unknown command.
Cast which spell? (? or * to list)
You erupt in a blast of force!
The mystic blast hits the eight-headed hydra!
The eight-headed hydra is lightly wounded.
* * * LOW HITPOINT WARNING * * *
You hear a horrible gurgling sound!
The centaur warrior shoots an arrow.
The arrow closely misses you.
The centaur warrior shoots an arrow.
The arrow hits you!!
* * * LOW HITPOINT WARNING * * *
The eight-headed hydra bites you but does no damage.
The eight-headed hydra bites you!
* * * LOW HITPOINT WARNING * * *
The eight-headed hydra bites you!
* * * LOW HITPOINT WARNING * * *
The eight-headed hydra completely misses you.
You block the eight-headed hydra's attack.
The eight-headed hydra bites you!
* * * LOW HITPOINT WARNING * * *
The eight-headed hydra bites you! The Shining One protects you from harm!
The eight-headed hydra bites you!
You die...

.......
#.........
#...?.....
#.........
#.........
#.........
#)........
#.........
#.@D......
#......[..
#......$..
#....?....
#..c......
#[>!......
#...PuP...
#...._....


You could see an eight-headed hydra, a red ugly thing and a centaur warrior.

Vanquished Creatures
  An ironbound preserver (D:13)
  An orc warlord (Bailey)
  A hydra (D:12)
  A centaur warrior (D:13)
  Erica (D:8)
  2 boulder beetles
  Urug (D:11)
  A skeletal warrior (D:12)
  A deep elf pyromancer (D:13)
  2 manticores
  Maurice (D:11)
  4 ugly things
  A gargoyle (D:11)
  Maggie (D:6)
  An unseen horror (D:12)
  A kobold demonologist (D:9)
  An efreet (D:10)
  3 trolls
  A hornet (D:8)
  2 slime creatures
  3 vampires
  A wraith (D:13)
  2 shadows
  23 yaks
  7 wyverns
  A basilisk (D:12)
  7 vampire mosquitoes
  4 steam dragons
  An acid dragon (D:12)
  7 water moccasins
  6 orc warriors
  3 ice beasts
  A sky beast (D:6)
  3 ogres
  7 centaurs
  A phantom (D:4)
  3 bullfrogs
  3 kobold brigands
  3 scorpions
  A gnoll sergeant (D:10)
  7 wights (D:8)
  17 killer bees
  7 howler monkeys
  5 hounds
  An orc priest (D:7)
  3 jellies
  5 iguanas
  7 orc wizards
  7 gnolls
  7 adders
  3 white imps
  An ufetubus (D:7)
  2 worms
  A dart slug (D:1)
  38 orcs
  5 endoplasms
  A giant cockroach (D:1)
  7 goblins
  6 hobgoblins
  26 kobolds
  3 quokkas
  6 ball pythons
  8 bats
  7 frilled lizards
  6 rats
301 creatures vanquished.

Vanquished Creatures (others)
  An unseen horror (D:13)
  A wyvern (D:9)
  A howler monkey (D:9)
  62 fulminant prisms
  18 fungi
  12 plants (D:11)
95 creatures vanquished.

Grand Total: 396 creatures vanquished

Notes
Turn   | Place    | Note
-------+----------+-------------------------------------------
     0 | D:1      | jagoly the Djinni Conjurer began the quest for the Orb.
     0 | D:1      | jagoly set off with the following spells memorised: Magic
                  | Dart, Searing Ray, Dazzling Flash, Fulminant Prism,
                  | Iskenderun's Mystic Blast.
     0 | D:1      | Reached XP level 1. HP: 15/15 MP: 0/0
   106 | D:1      | Reached XP level 2. HP: 13/21 MP: 0/0
   530 | D:1      | Reached XP level 3. HP: 25/25 MP: 0/0
   530 | D:1      | Learned a level 1 spell: Slow
  1010 | D:2      | Noticed a +0 lajatang
  1011 | D:2      | Found Peeg's Weapon Boutique.
  1013 | D:2      | Noticed a +0 rapier
  1243 | D:2      | Reached skill level 4 in Spellcasting
  1327 | D:2      | Found a sacrificial altar of Ru.
  1815 | D:3      | Reached XP level 4. HP: 27/31 MP: 0/0
  2074 | D:3      | Reached XP level 5. HP: 34/35 MP: 0/0
  2074 | D:3      | Learned a level 2 spell: Scorch
  2555 | D:3      | Noticed an ogre
  2567 | D:3      | Killed an ogre
  2568 | D:3      | Reached skill level 5 in Spellcasting
  2568 | D:3      | Reached skill level 1 in Fighting
  2568 | D:3      | Reached XP level 6. HP: 27/42 MP: 0/0
  3061 | D:4      | Found a sparkling altar of Nemelex Xobeh.
  3062 | D:4      | Identified the +2 short sword "Xauwnatt" {vamp, rC+ Str+2
                  | SInv}
  3256 | D:4      | Found a staircase to the Ecumenical Temple.
  3272 | Temple   | Entered the Ecumenical Temple
  3272 | Temple   | Found a transporter.
  3272 | Temple   | Found a transporter.
  3274 | Temple   | Found a transporter.
  3274 | Temple   | Found a transporter.
  3333 | Temple   | Became a worshipper of Zin the Law-Giver
  3333 | Temple   | Reached * piety under Zin
  3416 | D:4      | Reached XP level 7. HP: 42/49 MP: 0/0
  3416 | D:4      | Learned a level 2 spell: Wereblood
  3806 | D:5      | Entered Level 5 of the Dungeon
  3932 | D:5      | Noticed a water moccasin
  4059 | D:5      | Reached ** piety under Zin
  4093 | D:5      | Reached skill level 6 in Spellcasting
  4192 | D:5      | Reached XP level 8. HP: 32/58 MP: 0/0
  4720 | D:5      | Reached skill level 5 in Fighting
  4977 | D:6      | Noticed Maggie
  4992 | D:6      | Killed Maggie
  4993 | D:6      | Reached XP level 9. HP: 37/67 MP: 0/0
  4993 | D:6      | Learned a level 3 spell: Hailstorm
  5271 | D:6      | Reached skill level 7 in Spellcasting
  5513 | D:6      | Noticed a troll
  5544 | D:6      | Killed a troll
  5997 | D:6      | You are sucked into a shaft and drop 2 floors!
  6161 | D:8      | Reached skill level 8 in Spellcasting
  6163 | D:8      | Reached skill level 1 in Invocations
  6328 | D:8      | Noticed Erica
  6377 | D:8      | Reached *** piety under Zin
  6394 | D:8      | Reached skill level 1 in Throwing
  6437 | D:8      | Reached XP level 10. HP: 70/76 MP: 0/0
  6458 | D:8      | Killed Erica
  6742 | D:7      | Reached **** piety under Zin
  6880 | D:7      | Found a broken altar of Ashenzari.
  6880 | D:7      | Found an ornate altar of the Wu Jian Council.
  6880 | D:7      | Found a blossoming altar of Fedhas.
  6880 | D:7      | Found a shadowy altar of Dithmenos.
  6880 | D:7      | Found a flagged portal.
  6955 | D:7      | Found Juaxiz's Jewellery Shoppe.
  7090 | Bailey   | Entered a bailey
  7095 | Bailey   | Noticed an orc warlord
  7252 | Bailey   | Found a runed translucent gate.
  7254 | Bailey   | Found a runed translucent gate.
  7256 | Bailey   | Found a runed translucent gate.
  7547 | Bailey   | Killed an orc warlord
  7548 | Bailey   | Reached skill level 9 in Spellcasting
  7548 | Bailey   | Reached XP level 11. HP: 82/84 MP: 0/0
  7548 | Bailey   | Learned a level 5 spell: Lee's Rapid Deconstruction
  7600 | Bailey   | Acquired 697 gold pieces
  7601 | Bailey   | Reached ***** piety under Zin
  8090 | D:6      | Identified the +6 whip of Gyenn {elec, Str+3 Int+2 Dex-2
                  | Stlth+}
  8697 | D:9      | Reached skill level 10 in Spellcasting
  8736 | D:9      | Found a shimmering altar of Xom.
  8824 | D:9      | Reached skill level 10 in Fighting
  9209 | D:9      | Found a staircase to the Orcish Mines.
  9269 | D:9      | Found an iron altar of Okawaru.
  9397 | D:9      | Reached skill level 1 in Shields
  9520 | D:10     | Entered Level 10 of the Dungeon
  9637 | D:10     | Found a stormy altar of Qazlal.
  9816 | D:10     | Reached ****** piety under Zin
  9945 | D:10     | Found a hazy altar of Hepliaklqana.
 10221 | D:10     | Found a burning altar of Makhleb.
 10221 | D:10     | Noticed a balrug
 10467 | D:11     | Noticed Urug
 10882 | D:11     | Reached XP level 12. HP: 77/92 MP: 0/0
 10882 | D:11     | Noticed Maurice
 11419 | D:11     | Found a staircase to the Lair.
 11422 | D:11     | Acquired a manual of Invocations
 11450 | D:11     | Killed Maurice
 11451 | D:11     | Reached skill level 5 in Invocations
 11871 | D:11     | Killed Urug
 12543 | D:12     | Reached skill level 11 in Spellcasting
 12569 | D:12     | Noticed an eight-headed hydra
 12581 | D:12     | Killed an eight-headed hydra
 12747 | D:12     | Noticed a boulder beetle
 12815 | D:12     | Killed a boulder beetle
 13569 | D:13     | Reached XP level 13. HP: 72/99 MP: 0/0
 13569 | D:13     | Learned a level 5 spell: Irradiate
 13776 | Temple   | Fell from the grace of Zin
 13776 | Temple   | Became a worshipper of the Shining One
 13776 | Temple   | Reached * piety under the Shining One
 13776 | Temple   | Reached ** piety under the Shining One
 13776 | Temple   | Reached *** piety under the Shining One
 14127 | D:13     | Noticed an ironbound preserver
 14139 | D:13     | Killed an ironbound preserver
 14170 | D:13     | Found Tiuwnij's Weapon Boutique.
 14341 | D:13     | Found a gate to the Vaults.
 14416 | D:13     | Reached skill level 12 in Spellcasting
 14686 | D:13     | Noticed a centaur warrior
 14689 | D:13     | Killed a centaur warrior
 14902 | D:14     | Noticed a centaur warrior
 14902 | D:14     | Reached **** piety under the Shining One
 14902 | D:14     | Noticed an eight-headed hydra
 14902 | D:14     | Found a basalt altar of Yredelemnul.
 14938 | D:14     | Noticed a catoblepas
 14938 | D:14     | Noticed a centaur warrior
 14939 | D:14     | Noticed a centaur warrior
 14992 | D:14     | Noticed a centaur warrior
 15090 | D:14     | HP: 1/100 [eight-headed hydra (10)]
 15090 | D:14     | The Shining One protects you from harm!
 15090 | D:14     | Mangled by an eight-headed hydra

Illustrated notes

Levels and vault maps discovered:
D:1:      onia_arrival_pyramid, layout_loops_ring, solitary_fountain,
          minmay_misc_feat_tiny
D:2:      layout_loops_corners, serial_shops, nicolae_shop_mannequins,
          basic_altar
D:3:      minmay_bubble_buster, layout_basic
D:4:      layout_basic, mainiacjoe_overflow_brackets,
          minmay_temple_entry_large_hall, serial_aquarium,
          aquarium_bridge_island_small [aquarium_subvault_small_open,
          aquarium_subvault_wall, aquarium_subvault_window,
          aquarium_subvault_window, aquarium_subvault_bridge],
          aquarium_bridge_square [aquarium_subvault_bridge,
          aquarium_subvault_balcony, aquarium_subvault_wall,
          aquarium_subvault_wall], aquarium_window_1,
          aquarium_window_corridor_3, aquarium_window_1, aquarium_view_2c,
          aquarium_balcony_3a, aquarium_pool_1, minivault_23
D:5:      layout_layer_cave
D:6:      layout_basic, uniq_maggie
D:7:      layout_loops_ring, chequers_temple_overflow_statue_of_worship,
          serial_shops, shop, enter_bailey_8, grunt_tough_drop
D:8:      layout_basic, uniq_erica
D:9:      layout_basic, okawaru_metal_pillars_1_2,
          mainiacjoe_overflow_tiny_flanked, xom_confusion_cloud, orc_0_dummy
D:10:     layout_loops_ring, makhleb_altar_promises_db, amcnicky_altar_gilded,
          nicolae_qazlal_style_of_elements
D:11:     nicolae_cairo_tiling_large_dashed, layout_loops_corners,
          minmay_lair_entry_grove, uniq_urug, uniq_maurice
D:12:     layout_long_grid
D:13:     layout_loops_cross, skrybe_vaults_entry_preservation, serial_shops,
          nicolae_shop_just_a_little_nook
D:14:     layout_cross, yredelemnul_altar_generic
Temple:   hellmonk_temple_divided_pantheon

Skill      XL: |  1  2  3  4  5  6  7  8  9 10 11 12 13 |
---------------+----------------------------------------+-----
Stealth        | 2 3 4 |  4.0
Spellcasting   | 4 5 6 8 9 10 11 12 | 12.0
Fighting       | 1 2 4 6 8 9 10 11 | 11.9
Invocations    | 2 4 8 9 |  9.8
Throwing       | 1 2 |  2.0
Dodging        | 4 |  4.0
Shields        | 3 4 |  4.0

Action                     |  1- 3 |  4- 6 |  7- 9 | 10-12 | 13-15 || total
---------------------------+-------+-------+-------+-------+-------++-------
  Melee: Trident           |     1 |     2 |     6 |     1 |     1 ||    11
         Punch             |       |     1 |       |       |       ||     1
   Fire: Sling             |    14 |       |       |       |       ||    14
  Throw: Dart              |       |       |       |     7 |     3 ||    10
   Cast: Magic Dart        |    59 |    69 |    58 |   125 |     2 ||   313
         Searing Ray       |     3 |     4 |    31 |    49 |       ||    87
         Fulminant Prism   |       |     2 |    22 |    35 |     4 ||    63
         Scorch            |       |     2 |       |       |       ||     2
         Slow              |       |       |     1 |       |       ||     1
         Iskenderun's Myst |       |       |     4 |    11 |     2 ||    17
         Hailstorm         |       |       |     2 |       |       ||     2
         Lee's Rapid Decon |       |       |       |   116 |    34 ||   150
         Irradiate         |       |       |       |       |     3 ||     3
    Use: Scroll            |       |     1 |     5 |     6 |     2 ||    14
   Stab: Sleeping          |       |     1 |       |       |       ||     1
 Armour: Robe              |     2 |       |     4 |       |       ||     6
         Troll leather arm |       |       |     1 |    26 |     6 ||    33
  Dodge: Dodged            |     9 |       |    15 |    66 |    13 ||   103
  Block: Other             |     3 |       |    10 |    19 |       ||    32
         Reflection        |       |       |     2 |     8 |     6 ||    16
         Buckler           |       |       |       |    22 |    15 ||    37
